 Dungeon Crawl Stone Soup version 0.31-a0-246-g8cbcc1cb85 (webtiles) character file.

Game seed: 11504142195147963513

107 qw the Shooter (level 4, -6/26 HPs)
             Began as a Gargoyle Hexslinger on July 12, 2023.
             Constricted to death by Ijyb (7 damage)
             ... on level 3 of the Dungeon.
             The game lasted 00:00:59 (1926 turns).

qw the Shooter (Gargoyle Hexslinger)                Turns: 1926, Time: 00:00:59

Health: -6/26      AC:  9    Str: 12    XL:     4   Next: 86%
Magic:  5/5        EV:  7    Int: 13    God:
Gold:   133        SH:  0    Dex: 14    Spells: 4/5 levels left

rFire   . . .        Y - +1 sling
rCold   . . .        (no shield)
rNeg    + + .        b - +0 ring mail
rPois   inf          (no helmet)
rElec   +            (no cloak)
rCorr   .            a - +0 pair of gloves
SInv    +            (no boots)
Will    .....        (no amulet)
Stlth   +            h - ring of positive energy
HPRegen 0.24/turn    f - ring of see invisible
MPRegen 0.09/turn

%: no passive effects
@: about to teleport, grasped by roots, constricted
A: sickness immunity, AC +3, negative energy resistance 1, electricity
resistance, torment resistance 1, petrification resistance
a: no special abilities


You were on level 3 of the Dungeon.
You visited 1 branch of the dungeon, and saw 3 of its levels.

You collected 254 gold pieces.
You spent 121 gold pieces at shops.


Innate Abilities, Weirdness & Mutations

You are immune to sickness and miasma.
Your stone body is resilient. (AC +3)
You are immune to poison.
You resist negative energy. (rN+)
You are resistant to electric shocks. (rElec)
You are resistant to unholy torment.
You are immune to petrification.


   Skills:
 - Level 2.0 Fighting
 + Level 4.3 Ranged Weapons
 - Level 1.2 Armour
 - Level 1.5 Dodging
 - Level 1.0 Spellcasting
 - Level 2.6 Hexes


You had 4 spell levels left.
You knew the following spells:

 Your Spells              Type           Power      Damage    Failure   Level
a - Slow                  Hex            28%        N/A       22%         1

Your spell library contained the following spells:

 Spells                   Type           Power      Damage    Failure   Level
 Inner Flame              Hex/Fire       4%         N/A       73%         3
 Portal Projectile        Hex/Tloc       8%         N/A       73%         3
 Cause Fear               Hex            3%         N/A       91%         4

Inventory:

Hand Weapons
 Y - a +1 sling (weapon)
Armour
 a - a +0 pair of gloves (worn)
 b - a +0 ring mail (worn)
Jewellery
 c - a +6 ring of strength
 f - a ring of see invisible (right hand)
 h - a ring of positive energy (left hand)
Potions
 e - 2 potions of curing {unknown}
 g - a potion of attraction {unknown}
 j - a potion of ambrosia {unknown}
 k - a potion of invisibility {unknown}
 l - a potion of heal wounds {unknown}

Dungeon Overview and Level Annotations

Branches:
Dungeon (3/15)

Altars:

Shops:
D:2 [

Annotations:
D:3 Ijyb


Message History

The orc is lightly wounded.
The orc priest casts a cantrip, but nothing happens.
The orc hits you with a +0 flail.
A worm comes into view.
The orc closely misses you.
You shoot a sling bullet.
The sling bullet hits the orc but does no damage.
The orc is lightly wounded.
The orc hits you but does no damage.
You shoot a sling bullet. The sling bullet hits the orc.
The orc is moderately wounded.
The orc priest casts a cantrip, but nothing happens.
The orc barely misses you. The orc hits you with a +0 flail.
You shoot a sling bullet. The sling bullet barely misses the orc.
An orc priest comes into view. It is wielding a +0 war axe.
The orc closely misses you. The orc hits you but does no damage. x2
1922 ||| Stepping ~*~*~tactically~*~*~ (outnumbered).
The orc attacks as you move away! The orc hits you with a +0 dagger.
You shoot a sling bullet.
The sling bullet closely misses the orc.
The orc hits you but does no damage.
You shoot a sling bullet.
The sling bullet hits Ijyb but does no damage.
The orc hits you but does no damage.
Ijyb zaps a wand.
The roots erupt in riotous growth!
The grasping roots grab you!
The orc is unaffected.
Ijyb is unaffected.
The grasping roots constrict you.
You shoot a sling bullet. The sling bullet barely misses Ijyb.
Ijyb completely misses you. The grasping roots constrict you.
The orc closely misses you. Ijyb completely misses you.
The grasping roots constrict you.
The orc priest calls down the wrath of Beogh upon you.
Beogh smites you!
Ouch! That really hurt!
1926 ||| READING scroll of teleportation.
As you read the scroll of teleportation, it crumbles to dust.
You feel strangely unstable. The worm closely misses you.
The orc hits you but does no damage. Ijyb hits you but does no damage.
The grasping roots constrict you!
You die...

.###.#.#......#
.###.#.###..#.#.
.........##.#.#.
.....###..#...#.## ##
.....# ##.#.....w## ...
.....###....###...##..
.....##..##..###.o.. .
........####...##w# ...
.....#### ####..@o##.....
................ogor.....
.....#############.#.....
###### ....... .......
....... ..##### ###


You could see Ijyb, a worm, 2 orc priests, 2 orcs and a rat.

Vanquished Creatures
  2 adders (D:2)
  3 worms (D:2)
  A dart slug (D:3)
  5 orcs (D:3)
  3 bats
  5 endoplasms
  10 giant cockroaches (D:2)
  3 goblins
  5 hobgoblins
  3 jackals (D:1)
  3 quokkas
  7 ball pythons
  A frilled lizard (D:1)
  9 kobolds
  5 rats
65 creatures vanquished.

Notes
Turn   | Place    | Note
-------+----------+-------------------------------------------
     0 | D:1      | qw the Gargoyle Hexslinger began the quest for the Orb.
     0 | D:1      | Reached XP level 1. HP: 12/12 MP: 2/2
     0 | D:1      | 0 ||| qw: Version: 0.3-a-52-g30416fa
     0 | D:1      | 0 ||| qw: Game counter: 6530
     0 | D:1      | 0 ||| qw: Melee chars always use a shield: true
     0 | D:1      | 0 ||| qw: God list: Okawaru
     0 | D:1      | 0 ||| qw: Allow faded altars: false
     0 | D:1      | 0 ||| qw: Do Orc after clearing Dungeon:15 true
     0 | D:1      | 0 ||| qw: Do second Lair branch before Depths: true
     0 | D:1      | 0 ||| qw: Lair rune preference: random
     0 | D:1      | 0 ||| qw: Goals: Normal
     0 | D:1      | 0 ||| PLANNING D:1-11
    85 | D:1      | Found a faded altar of an unknown god.
   114 | D:1      | Reached XP level 2. HP: 16/16 MP: 3/3
   312 | D:1      | Reached skill level 3 in Ranged Weapons
   831 | D:1      | 831 ||| UPGRADING to +0 leather armour.
   841 | D:1      | 841 ||| DROPPING +0 robe.
   842 | D:1      | 842 ||| UPGRADING to ring of positive energy.
   843 | D:1      | 843 ||| READING scroll labelled IFUL ASEINEKH.
   844 | D:1      | 844 ||| READING scroll labelled WUFEIK XURPHI.
   845 | D:1      | 845 ||| READING scroll labelled VIARCH AREW.
   846 | D:1      | 846 ||| DROPPING scroll of poison.
   890 | D:2      | Found Seuts's Antique Armour Shop.
   897 | D:2      | 897 ||| BUYING pair of gloves (121 gold).
   897 | D:2      | Bought a pair of gloves for 121 gold pieces
   897 | D:2      | 897 ||| SHOPLISTING ring mail (108 gold, have 4).
   897 | D:2      | 897 ||| SHOPLISTING shiny ring mail (189 gold, have 4).
   941 | D:2      | Reached XP level 3. HP: 21/21 MP: 4/4
  1198 | D:2      | Reached XP level 4. HP: 26/26 MP: 5/5
  1198 | D:2      | 1198 ||| UPGRADING to +0 pair of gloves.
  1206 | D:2      | 1206 ||| READING scroll labelled XYMPIM DIPN.
  1300 | D:2      | 1300 ||| UPGRADING to +0 ring mail.
  1310 | D:2      | 1310 ||| DROPPING +0 leather armour.
  1415 | D:2      | Reached skill level 1 in Armour
  1433 | D:2      | Reached skill level 4 in Ranged Weapons
  1753 | D:2      | 1753 ||| UPGRADING to ring of see invisible.
  1754 | D:2      | 1754 ||| READING scroll labelled DOCSEFO KIOR.
  1755 | D:2      | 1755 ||| READING scroll labelled ACIUTR ETUJ.
  1760 | D:2      | 1760 ||| READING scroll labelled WELOSU ULODIOZ.
  1761 | D:2      | 1761 ||| DRINKING 2 fuming pink potions.
  1762 | D:2      | 1762 ||| DROPPING potion of brilliance.
  1829 | D:3      | 1829 ||| FLEEEEING.
  1914 | D:3      | Noticed Ijyb
  1922 | D:3      | 1922 ||| Stepping ~*~*~tactically~*~*~ (outnumbered).
  1925 | D:3      | HP: 1/26 [orc priest/divine providence (15)]
  1926 | D:3      | 1926 ||| READING scroll of teleportation.
  1926 | D:3      | Constricted to death by Ijyb

Levels and vault maps discovered:
D:1:      giann_forest_graveyard, layout_basic,
          hellmonk_ecumenical_altar_pennies_from_heaven, minmay_split_cup_small
D:2:      minmay_roachtagon, layout_loops_ring, serial_shops,
          nicolae_shop_hallway_stairs, minmay_tetromino_s4
D:3:      layout_rooms, hex_intersection, uniq_ijyb

Skill      XL: |  1  2  3  4 |
---------------+-------------+-----
Ranged Weapons | 3 4 |  4.3
Fighting       | 2 |  2.0
Armour         | 1 |  1.2
Dodging        | |  1.5
Spellcasting   | |  1.0
Hexes          | |  2.6

Action                     |  1- 3 |  4- 6 || total
---------------------------+-------+-------++-------
   Fire: Sling             |   131 |   122 ||   253
    Use: Scroll            |     3 |     5 ||     8
         Potion            |       |     1 ||     1
 Armour: Robe              |    12 |       ||    12
         Leather armour    |    22 |    12 ||    34
         Ring mail         |       |    32 ||    32
  Dodge: Dodged            |    50 |    45 ||    95

Table legend:
 A = Non-vault XP
 B = Vault XP
 C = Vault XP percentage of total XP
 D = Non-vault monster count
 E = Vault monster count
 F = Vault count percentage of total count
                 A         B        C        D         E       F
            +---------+---------+-------+---------+---------+-------
      Total |     130 |      24 |  15.6 |      52 |      13 |  20.0
            +---------+---------+-------+---------+---------+-------
        D:1 |      21 |       5 |  19.2 |      13 |       3 |  18.8
        D:2 |      80 |      19 |  19.2 |      27 |      10 |  27.0
        D:3 |      29 |       0 |   0.0 |      12 |       0 |   0.0
            +---------+---------+-------+---------+---------+-------
